 Dungeon Crawl Stone Soup version 0.29-a0-214-g17f627cfee (webtiles) character file.

Game seed: 4848725349693656483

73 sammy202020 the Skirmisher (level 4, -1/52 HPs)
             Began as a Demonspawn Berserker on Feb 25, 2022.
             Was a Believer of Trog.
             Slain by a gnoll
             ... wielding a +0 spear
              (6 damage)
             ... on level 3 of the Dungeon.
             The game lasted 00:06:41 (2293 turns).

sammy202020 the Skirmisher (Demonspawn Berserker)   Turns: 2293, Time: 00:06:45

Health: -1/52      AC:  2    Str: 20    XL:     4   Next: 8%
Magic:  4/4        EV: 12    Int:  8    God:    Trog [**....]
Gold:   43         SH:  4    Dex: 16    Spells: 3/3 levels left

rFire   . . .      SeeInvis .   a - +0 hand axe
rCold   . . .      Faith    .   (no shield)
rNeg    + . .      Spirit   .   b - +0 animal skin
rPois   .          Reflect  .   f - +0 hat
rElec   .          Harm     .   (no cloak)
rCorr   .          Rampage  .   (no gloves)
Will    .....                   (no boots)
Stlth   ..........              i - amulet of regeneration
HPRegen 0.97/turn               j - ring of positive energy
MPRegen 0.09/turn               (no ring)

@: berserking, very quick
A: thin skeletal structure 1, condensation shield, fangs 1, agile 1
a: Renounce Religion, Berserk, Trog's Hand


You were on level 3 of the Dungeon.
You worshipped Trog.
Trog was pleased with you.
You visited 1 branch of the dungeon, and saw 3 of its levels.

You collected 43 gold pieces.

Inventory:

Hand Weapons
 a - a +0 hand axe (weapon)
Armour
 b - a +0 animal skin (worn)
 f - a +0 hat (worn)
Jewellery
 i - an amulet of regeneration (around neck)
 j - a ring of positive energy (left hand)
Scrolls
 c - a scroll of blinking
Potions
 d - a potion of degeneration
 g - a potion of heal wounds {unknown}
 h - 2 potions of curing {unknown}


   Skills:
 + Level 3.5 Fighting
 + Level 3.3 Axes
 + Level 2.4 Armour
 + Level 2.4 Dodging


You had 3 spell levels left.
You didn't know any spells.
Your spell library was empty.

Dungeon Overview and Level Annotations

Branches:
Dungeon (3/15)

Altars:

Shops:
D:3 [*(


Innate Abilities, Weirdness & Mutations

You have a somewhat thin skeletal structure. (Dex +2, Stealth+)
A meltable shield of frost defends you. (SH +4)
You have very sharp teeth.
You are agile. (Dex +2)


Message History

Trog accepts your kill.
A gnoll comes into view. It is wielding a +0 spear.
A gnoll comes into view. It is wielding a +0 club.
The frilled lizard bites you. The gnoll hits you with a +0 halberd!
An orc comes into view. It is wielding a +0 flail.
You barely miss the gnoll. You barely miss the frilled lizard.
You block the frilled lizard's attack.
An orc comes into view. It is wielding a +0 hand axe.
The gnoll misses you.
The frilled lizard bites you but does no damage.
The gnoll shouts!
You hit the gnoll.
The gnoll is lightly wounded.
You closely miss the frilled lizard. The gnoll misses you.
The frilled lizard bites you.
You barely miss the gnoll.
The gnoll is lightly wounded.
You miss the frilled lizard.
The frilled lizard bites you but does no damage.
The orc shouts!
You hit the gnoll.
The gnoll is moderately wounded.
You hit the frilled lizard.
You kill the frilled lizard!
Trog accepts your kill.
You closely miss the orc. The gnoll barely misses you.
The gnoll hits you from afar with a +0 spear!
The gnoll hits you with a +0 halberd!
A red film seems to cover your vision as you go berserk!
You feel yourself moving faster!
You feel mighty! The gnoll hits you with a +0 halberd!
* * * LOW HITPOINT WARNING * * *
Okay, then.
You slash the orc!
You kill the orc!
Trog accepts your kill.
You completely miss the orc. You closely miss the gnoll.
You block the orc's attack.
The gnoll hits you from afar with a +0 spear.
You die...

...######.#.# #∩
#...........##### #.
#..####.......... #.
#..# ##...#####. ###.
#..# ##.## # ... #..#
###.######.
##.##.##..####..........
#...8..........#.#######
#..8.8.@).######.#
#.8..g8og.# #.#
#8..∩..8go...# #.#
#.8...8o..##.# #.#
#..8.8..?.# .....
#...8.....# ####
#####.##>.# #. .... ##
..##


You could see 3 gnolls and 3 orcs.

Vanquished Creatures
  2 adders (D:2)
  An orc (D:3)
  2 bats (D:2)
  7 endoplasms
  4 giant cockroaches
  5 goblins
  7 hobgoblins
  4 jackals (D:2)
  2 quokkas
  2 ball pythons
  3 frilled lizards
  5 kobolds
  4 rats (D:1)
48 creatures vanquished.

Notes
Turn   | Place    | Note
-------+----------+-------------------------------------------
     0 | D:1      | sammy202020 the Demonspawn Berserker began the quest for
                  | the Orb.
     0 | D:1      | Reached XP level 1. HP: 18/18 MP: 1/1
   616 | D:1      | Gained mutation: You have a somewhat thin skeletal
                  | structure. (Dex +2, Stealth+) [demonic ancestry]
   616 | D:1      | Reached XP level 2. HP: 24/24 MP: 2/2
   991 | D:1      | Found a faded altar of an unknown god.
  1196 | D:2      | Gained mutation: A meltable shield of frost defends you.
                  | (SH +4) [demonic ancestry]
  1196 | D:2      | Reached XP level 3. HP: 25/29 MP: 3/3
  1669 | D:2      | Reached ** piety under Trog
  2142 | D:3      | Reached XP level 4. HP: 35/35 MP: 4/4
  2151 | D:3      | Gained mutation: You are agile. (Dex +2) [potion of
                  | mutation]
  2151 | D:3      | Gained mutation: You have very sharp teeth. [potion of
                  | mutation]
  2201 | D:3      | Found Emneukaqur's Antique Weapon Shop.
  2272 | D:3      | Found Qemot's Armour Shop.
  2277 | D:3      | Found Innog's General Store.
  2293 | D:3      | Slain by a gnoll

Illustrated notes

Levels and vault maps discovered:
D:1:      nicolae_arrival_memento_mori, layout_loops_cross,
          basic_ecumenical_altar
D:2:      layout_basic, serial_corexii_hall, corexii_hall_statues_x,
          chequers_hall_statues_corner_a, minmay_domino_4
D:3:      layout_loops_ring, serial_shops, shop, shop, nicolae_diamond_shop,
          nicolae_shop_temple_entry_statues_fountains,
          lightli_sewer_entry_pipes, serial_park_tiny_1

Skill      XL: |  1  2 |
---------------+-------+-----
Armour         | 2 |  2.4
Dodging        | 2 |  2.4
Axes           | 3 |  3.3
Fighting       | |  3.5

Action                   |  1- 3 |  4- 6 || total
-------------------------+-------+-------++-------
Melee: Hand axe          |   118 |    19 ||   137
       Bite              |       |     1 ||     1
Invok: Berserk           |     3 |     1 ||     4
  Use: Scroll            |     2 |     3 ||     5
       Potion            |       |     1 ||     1
 Stab: Sleeping          |     9 |       ||     9
       Distracted        |     1 |       ||     1
Armor: Animal skin       |    19 |     4 ||    23
Dodge: Dodged            |    63 |    10 ||    73
Block: Other             |     8 |     4 ||    12

Table legend: (Time is in decaauts)
 A = Elapsed time spent in this place.
 B = Non-inter-level travel time spent in this place.
 C = Inter-level travel time spent in this place.
 D = Time resting spent in this place.
 E = Time spent auto-exploring this place.
 F = Levels seen in this place.
 G = Mean time per level.
                   A        B        C        D        E       F      G
               +--------+--------+--------+--------+--------+-----+--------+
         Total |   2343 |   2303 |     40 |    391 |   1434 |   3 |  781.0 |
       Dungeon |   2343 |   2303 |     40 |    391 |   1434 |   3 |  781.0 |
               +--------+--------+--------+--------+--------+-----+--------+

Top non-repeatable levels by time:
     D:1: 1195 daAuts
     D:2: 986 daAuts
     D:3: 161 daAuts
